AoeStats
← Doak

Fortress

509740865Analyzed
2v2 RM · 4d ago on Sep 27, 2026· 61m 27s· 4 players
Game mode
Random Map
Map size
Normal (6 player)
Population
200
Speed
Normal
Resources
Standard
Victory
Conquest
Starting age
Dark Age
Ending age
Imperial Age
RankedLock teamsTeams togetherTeam positionsShared explorationLock speedFull tech treeHidden civsTurbo modeCheats
Victory
Defeat
🇬🇧 Saxons · United Kingdom
1475
+13
🇳🇿 Slavs · New Zealand
1411
+17
🇬🇧 Burgundians · United Kingdom
1440
-16
🇺🇸 Khmer · United States
1392
-14
NarKofer
7:55 Feudal Age
8:57 Double-Bit Axe
11:26 Castle Age
9:14 Horse Collar
12:40 Bow Saw
14:35 Loom
36:48 Wheelbarrow
44:31 Stone Mining
44:37 Gold Mining
44:52 Heavy Plow
48:18 Pikeman
48:58 Squires
50:07 Hand Cart
49:43 Town Watch
50:39 Caravan
52:28 Gold Shaft Mining
55:14 Imperial Age
54:43 Scale Mail Armor
54:54 Forging
55:25 Capped Ram
55:27 Halberdier
55:29 Shield Wall
56:29 Conscription
56:48 Chain Mail Armor
57:09 Iron Casting
56:27 Siege Ram
58:29 Arson
58:30 Gambesons
59:52 Plate Mail Armor
Wouldn'tyouknow
6:49 Feudal Age
7:57 Double-Bit Axe
10:23 Castle Age
8:35 Horse Collar
11:24 Bow Saw
19:33 Bloodlines
19:23 Husbandry
19:45 Scale Barding Armor
21:57 Chain Barding Armor
22:14 Forging
23:07 Stone Mining
23:08 Gold Mining
27:16 Imperial Age
25:13 Heavy Plow
27:13 Wheelbarrow
26:25 Loom
27:39 Town Watch
27:50 Light Cavalry
29:33 Conscription
31:52 Elite Boyar
33:25 Plate Barding Armor
33:40 Scale Mail Armor
34:16 Iron Casting
33:48 Fletching
34:20 Pikeman
35:08 Halberdier
36:18 Hand Cart
36:26 Druzhina
37:05 Chain Mail Armor
37:57 Squires
38:45 Plate Mail Armor
39:15 Blast Furnace
39:28 Two-Man Saw
40:17 Bodkin Arrow
42:48 Coinage
42:18 Caravan
41:56 Hussar
43:05 Detinets
46:11 Banking
47:35 Ballistics
48:17 Chemistry
47:40 Onager
49:09 Siege Engineers
49:16 Masonry
50:51 Siege Onager
52:28 Murder Holes
52:44 Fortified Wall
52:42 Capped Ram
55:34 Siege Ram
62:04 Gold Shaft Mining
some.spiced.ham
7:26 Feudal Age
11:31 Castle Age
9:35 Loom
10:40 Double-Bit Axe
10:50 Gold Mining
25:59 Wheelbarrow
25:39 Bow Saw
31:41 Horse Collar
35:13 Hand Cart
35:58 Ballistics
38:04 Heavy Plow
43:37 Imperial Age
40:53 Town Watch
43:31 Bloodlines
43:22 Husbandry
43:45 Cavalier
45:07 Conscription
45:49 Town Patrol
49:50 Fletching
50:06 Scale Barding Armor
50:12 Forging
52:02 Double Crossbow
52:56 Bodkin Arrow
53:38 Iron Casting
53:23 Chain Barding Armor
52:51 Light Cavalry
55:35 Hussar
56:32 Bracer
Doak
7:51 Feudal Age
6:56 Double-Bit Axe
6:55 Horse Collar
12:10 Castle Age
10:43 Bow Saw
10:47 Heavy Plow
12:03 Scale Barding Armor
12:08 Gold Mining
13:28 Husbandry
18:16 Forging
19:29 Chain Barding Armor
22:59 Iron Casting
22:10 Loom
23:03 Wheelbarrow
22:14 Loom
28:03 Imperial Age
29:20 Plate Barding Armor
28:28 Elite Coustillier
31:29 Blast Furnace
40:56 Crop Rotation
40:20 Fletching
42:32 Padded Archer Armor
43:41 Chemistry
43:23 Bodkin Arrow
45:11 Bracer
46:27 Light Cavalry
53:11 Scale Mail Armor
55:27 Light Cavalry
56:24 Chain Mail Armor
56:29 Hussar
Connection lost

Rejoining the realm…

Still unreachable

The connection could not be restored.

Session expired

The server has moved on; the page needs a fresh start.